 Dungeon Crawl Stone Soup version 0.24.0-13-gcf9b319 (webtiles) character file.

Game seed: 5831122855116944279, levelgen mode: deterministic

5229 Fang the Fighter (level 10, 0/66 HPs)
             Began as a Gargoyle Berserker on Dec 6, 2019.
             Was an Elder of Trog.
             Slain by an orc warrior
             ... wielding a +0 hand axe
              (12 damage)
             ... on level 9 of the Dungeon.
             The game lasted 00:08:16 (7509 turns).

Fang the Fighter (Gargoyle Berserker)               Turns: 7509, Time: 00:08:16

Health: 0/66       AC: 21    Str: 23    XL:     10   Next: 61%
Magic:  19/19      EV:  9    Int:  9    God:    Trog [****..]
Gold:   434        SH:  2    Dex:  9    Spells: 9/9 levels left

rFire    . . .     SeeInvis .   a - +1 war axe (venom)
rCold    . . .     Gourm    .   (no shield)
rNeg     + . .     Faith    .   b - +0 plate armour
rPois    ∞         Spirit   .   (no helmet)
rElec    +         Reflect  +   (no cloak)
rCorr    .         Harm     .   (no gloves)
MR       .....                  (no boots)
Stlth    ..........             w - +2 amulet of reflection
HPRegen  0.21/turn              o - ring of magical power
MPRegen  0.16/turn              (no ring)

@: berserk cooldown, slowed, very slow
A: negative energy resistance 1, electricity resistance, unbreathing,
petrification resistance, rot immunity, AC +7
a: Berserk, Trog's Hand, Brothers in Arms, Renounce Religion


You were on level 9 of the Dungeon.
You worshipped Trog.
Trog was greatly pleased with you.
You were very hungry.

You visited 2 branches of the dungeon, and saw 10 of its levels.

You collected 434 gold pieces.

Inventory:

Hand Weapons
 a - a +1 war axe of venom (weapon)
Armour
 b - a +0 plate armour (worn)
Jewellery
 f - an uncursed amulet of rage
 o - a ring of magical power (left hand)
 w - a +2 amulet of reflection (around neck)
Wands
 k - a wand of flame (7)
Scrolls
 i - 4 scrolls of remove curse
 j - 2 scrolls of identify
 u - a scroll of blinking
Potions
 d - a potion of mutation
 g - 3 potions of curing
 m - 2 potions of heal wounds
 n - 2 potions of berserk rage
 t - 2 potions of invisibility
 v - a potion of agility
Comestibles
 c - 16 rations
 h - 12 chunks of flesh


   Skills:
 + Level 9.1 Fighting
 + Level 7.6 Axes
 + Level 8.7 Armour
 + Level 6.6 Dodging


You had 9 spell levels left.
You didn't know any spells.
Your spell library was empty.

Dungeon Overview and Level Annotations

Branches:
Dungeon (9/15)             Temple (1/1) D:5            Lair (0/6) D:9
    Orc: D:9-12

Altars:
Elyvilon
Hepliaklqana
Trog
Uskayaw
Yredelemnul
The Shining One

Shops:
D:5 %

Annotations:
D:5 5 runed translucent doors
D:6 3 runed translucent doors, Southernist's ghost, novice TrHu; Warped's ghost, amateur DEWz; cdecastro's ghost, novice GrEE


Innate Abilities, Weirdness & Mutations

You are resistant to torment.
Your stone body is resilient. (AC +7)
You are immune to poison.
You resist negative energy. (rN+)
You are resistant to electric shocks. (rElec)
You can survive without breathing.
You are immune to petrification.
You are immune to rotting.


Message History

The crimson imp hits you but does no damage.
The centaur zombie hits you but does no damage.
The yaktaur hits you but does no damage.
The crimson imp hits you but does no damage.
The centaur zombie hits you but does no damage.
You slash the crimson imp!
The crimson imp looks as sick as possible!
You slash the centaur zombie!
You destroy the centaur zombie!
Trog accepts your kill.
You hit the yaktaur but do no damage.
The yaktaur looks as sick as possible!
You kill the crimson imp!
Trog accepts your kill. The yaktaur hits you with a +0 club.
* * * LOW HITPOINT WARNING * * *
The orc warrior misses you. The yaktaur closely misses you.
You hit the yaktaur. You hit the orc warrior.
The orc warrior is poisoned.
The centaur hits you but does no damage.
The orc warrior hits you with a +0 hand axe!
You die...

#....# +........#
....# #........#
#........#
#........#
#.......(#
#........#####
'###.†...........
......c[)........
.......o@†.†......
.......c)†.†......
...............###
#####.###......#
#.. #......# #.##
#......# ...
.......# .#
#......#


You could see a yaktaur, an orc warrior and a centaur.

Vanquished Creatures
  A two-headed ogre (D:9)
  A komodo dragon (D:9)
  A troll (D:9)
  Grinder (D:3)
  A hippogriff (D:7)
  A yak (D:9)
  A wyvern (D:9)
  A water moccasin (D:8)
  2 orc warriors
  A sky beast (D:6)
  A black bear (D:8)
  3 ice beasts
  6 ogres
  6 bullfrogs
  A wyvern zombie (D:9)
  2 scorpions (D:6)
  5 wights (D:6)
  5 howler monkeys
  4 crimson imps
  A centaur zombie (D:9)
  A quasit (D:6)
  6 hounds
  5 orc priests
  A centaur skeleton (D:8)
  9 orc wizards
  An iguana (D:6)
  10 worker ants
  A hound zombie (D:8)
  3 hound skeletons
  5 adders
  A shadow imp (D:6)
  An ooze (D:5)
  3 adder skeletons
  4 worms
  3 dart slugs
  3 leopard geckos
  33 orcs
  4 giant cockroaches
  5 goblins
  6 hobgoblins
  4 jackals (D:1)
  4 quokkas
  5 bats
  5 frilled lizards
  2 jackal skeletons
  9 kobolds
  A quokka zombie (D:5)
  5 rats
185 creatures vanquished.

Vanquished Creatures (others)
  A plant (D:9)
1 creature vanquished.

Grand Total: 186 creatures vanquished

Notes
Turn   | Place    | Note
-------+----------+-------------------------------------------
     0 | D:1      | Fang the Gargoyle Berserker began the quest for the Orb.
     0 | D:1      | Reached XP level 1. HP: 14/14 MP: 1/1
   237 | D:1      | Reached XP level 2. HP: 19/19 MP: 2/2
   685 | D:1      | Reached XP level 3. HP: 22/24 MP: 3/3
   838 | D:2      | Reached ** piety under Trog
  1255 | D:3      | Reached skill level 4 in Fighting
  1255 | D:3      | Reached XP level 4. HP: 29/29 MP: 4/4
  1314 | D:3      | Reached XP level 5. HP: 33/33 MP: 5/5
  1412 | D:3      | Found a bloodstained altar of Trog.
  1417 | D:3      | Noticed Grinder
  1439 | D:3      | Killed Grinder
  1439 | D:3      | Reached XP level 6. HP: 40/40 MP: 6/6
  1467 | D:3      | Found a faded altar of an unknown god.
  1573 | D:3      | Reached skill level 5 in Fighting
  1994 | D:4      | Reached XP level 7. HP: 35/44 MP: 7/7
  2001 | D:4      | Reached *** piety under Trog
  2894 | D:4      | Found a white marble altar of Elyvilon.
  3166 | D:5      | Entered Level 5 of the Dungeon
  3281 | D:5      | Reached skill level 5 in Armour
  3282 | D:5      | Found a staircase to the Ecumenical Temple.
  3425 | Temple   | Entered the Ecumenical Temple
  3487 | D:5      | Reached XP level 8. HP: 38/51 MP: 8/8
  3515 | D:5      | Found Eboer's Food Boutique.
  3532 | D:5      | Found a runed translucent gate.
  3532 | D:5      | Found a runed translucent gate.
  3532 | D:5      | Found a runed translucent gate.
  3540 | D:5      | Found a runed translucent door.
  3558 | D:5      | Found a runed translucent door.
  3593 | D:5      | Found the +9 staff of Olgreb {rPois}
  3646 | D:5      | Reached skill level 6 in Fighting
  3653 | D:5      | Reached skill level 5 in Axes
  4363 | D:6      | Reached **** piety under Trog
  4520 | D:6      | Reached XP level 9. HP: 39/56 MP: 9/9
  4526 | D:6      | Reached skill level 7 in Fighting
  4756 | D:6      | Reached skill level 5 in Dodging
  5013 | D:6      | Found a runed translucent gate.
  5014 | D:6      | Found a runed translucent gate.
  5014 | D:6      | Noticed Warped's ghost (amateur DEWz)
  5014 | D:6      | Noticed cdecastro's ghost (novice GrEE)
  5015 | D:6      | Found a runed translucent gate.
  5015 | D:6      | Noticed Southernist's ghost (novice TrHu)
  5453 | D:7      | Identified a scroll of acquirement
  6569 | D:8      | Reached skill level 8 in Fighting
  6917 | D:8      | Noticed a +0 hand axe
  6919 | D:8      | Noticed a +0 dagger
  6921 | D:8      | Found a hide-covered altar of Uskayaw.
  7129 | D:8      | Found a basalt altar of Yredelemnul.
  7359 | D:9      | Reached XP level 10. HP: 64/64 MP: 10/10
  7426 | D:9      | Found a staircase to the Lair.
  7464 | D:9      | Noticed a two-headed ogre
  7483 | D:9      | Killed a two-headed ogre
  7483 | D:9      | Reached skill level 9 in Fighting
  7509 | D:9      | Slain by an orc warrior

Levels and vault maps discovered:
D:1:      wander_arrival_fairy_ring, layout_loops_corners, chequers_jeans,
          item_on_display_a
D:2:      layout_loops_cross
D:3:      layout_loops_ring, chequers_ecumenical_altar_simple_redux,
          bloody_trog, uniq_grinder
D:4:      layout_layer_cave, palyth_stone_intersect, elyvilon_altar_3
D:5:      layout_cave_pods, minmay_temple_entry_gardened_gates, first_ration,
          serial_shops, shop, minmay_guarded_unrand_staff_of_olgreb
D:6:      layout_basic, gammafunk_ghost_cemetery
D:7:      layout_layer_cave
D:8:      layout_loops_cross, dancing_weapons_uskayaw, yredelemnul_altar_generic
D:9:      minmay_the_grid_square_5x5_4x4 [minmay_the_grid_square_5x5_mess,
          minmay_the_grid_square_5x5_lines, minmay_the_grid_square_5x5_inner_z,
          minmay_the_grid_square_5x5_c, minmay_the_grid_square_5x5_shuriken,
          minmay_the_grid_square_5x5_prize_waves,
          minmay_the_grid_square_5x5_prize_junk,
          minmay_the_grid_square_5x5_inner_v, minmay_the_grid_square_5x5_seven,
          minmay_the_grid_square_5x5_prize_snowflake,
          minmay_the_grid_square_5x5_prize_pseudospiral,
          minmay_the_grid_square_5x5_plus, minmay_the_grid_square_5x5_bite,
          minmay_the_grid_square_5x5_bracketed,
          minmay_the_grid_square_5x5_percent,
          minmay_the_grid_square_5x5_spiral_small], layout_irregular_city,
          david_lair_shrubbed, grunt_pizzeria
Temple:   regret_index_temple_chain_breaker

Skill      XL: |  1  2  3  4  5  6  7  8  9 10 |
---------------+-------------------------------+-----
Axes           | 3 4 5 6 7 |  7.6
Dodging        | 2 3 4 5 6 |  6.6
Fighting       | 4 5 6 8 9 |  9.1
Armour         | 3 4 5 6 7 8 |  8.7

Action                   |  1- 3 |  4- 6 |  7- 9 | 10-12 || total
-------------------------+-------+-------+-------+-------++-------
Melee: Hand axe          |   106 |   133 |   473 |       ||   712
       War axe           |       |       |   112 |    42 ||   154
Invok: Berserk           |     1 |     1 |     8 |     2 ||    12
       Trog's Hand       |       |     2 |     3 |       ||     5
  Use: Scroll            |       |       |    17 |     3 ||    20
  Eat: Chunk             |     1 |     6 |    20 |     1 ||    28
       Ration            |       |       |     2 |       ||     2
Armor: Chain mail        |    69 |   121 |   366 |       ||   556
       Plate armour      |       |       |    96 |    50 ||   146
Dodge: Dodged            |    48 |    87 |   352 |    44 ||   531
Block: Other             |       |       |     6 |     6 ||    12
